 Dungeon Crawl Stone Soup version 0.18-b1-18-g7758cf2 (webtiles) character file.

849 barb4r1an the Sneak (level 8, -7/46 HPs)
             Began as an Octopode Enchanter on May 2, 2016.
             Was an Initiate of Dithmenos.
             Mangled by a killer bee (8 damage)
             ... on level 5 of the Dungeon.
             The game lasted 00:09:24 (4443 turns).

barb4r1an the Sneak (Octopode Enchanter)            Turns: 4443, Time: 00:09:25

Health: -7/46      AC:  1    Str:  8    XL:     8   Next: 1%
Magic:  3/13       EV: 14    Int: 17    God:    Dithmenos [......]
Gold:   272        SH:  0    Dex: 14    Spells: 3 memorised, 8 levels left

rFire  . . .     SeeInvis .     a - +1 dagger
rCold  . . .     Gourm    .     (no shield)
rNeg   . . .     Faith    .     (helmet restricted)
rPois  .         Spirit   .     (no amulet)
rElec  .         Dismiss  .     (no ring)
rCorr  .         Reflect  .     (no ring)
SustAt .         Harm     .     (no ring)
MR     .....                    (no ring)
Stlth  +++++.....               (no ring)
                                (no ring)
                                (no ring)
                                (no ring)

@: lethally poisoned (-7 -> -15), very slightly contaminated, not resistant to
hostile enchantments, quite stealthy
A: almost no armour, amphibious, 8 rings, constrict 8, camouflage 1, gelatinous
body 1
a: Renounce Religion


You were on level 5 of the Dungeon.
You worshipped Dithmenos.
Dithmenos was noncommittal.
You were near starving.

You visited 2 branches of the dungeon, and saw 6 of its levels.

You collected 272 gold pieces.

Inventory:

Hand Weapons
 a - a +1 dagger (weapon)
Missiles
 g - 54 poisoned needles
Armour
 m - a +0 buckler
Jewellery
 p - an uncursed amulet of magic regeneration {unknown}
Wands
 w - a wand of lightning (0/15)
Scrolls
 d - 2 scrolls of amnesia {unknown}
 j - 9 scrolls of identify {unknown}
 k - 3 scrolls of remove curse {unknown}
 l - a scroll of noise {unknown}
 q - a scroll of recharging {unknown}
 u - a scroll of fear {unknown}
Potions
 c - 4 potions of curing {unknown}
 e - a potion of berserk rage {unknown}
 h - 3 potions of ambrosia {unknown}
 i - a potion of degeneration {unknown}
 n - 2 potions of heal wounds {unknown}
 o - 3 potions of flight {unknown}
Books
 b - a book of Maledictions

   Spells                             Type                      Level
   a - Corona                         Hexes                        1
   b - Ensorcelled Hibernation        Hexes/Ice                    2
   c - Confuse                        Hexes                        3
   d - Tukima's Dance                 Hexes                        3
   e - Dazzling Spray                 Conjuration/Hexes            3
Comestibles
 f - 3 bread rations
 r - 3 beef jerkies
 s - a slice of pizza
 t - a meat ration
 v - a fruit


   Skills:
 + Level 3.2 Short Blades
 + Level 3.9 Dodging
 + Level 6.1 Stealth
 * Level 4.3 Shields
 + Level 3.5 Spellcasting
 + Level 4.4 Hexes


You had 8 spell levels left.
You knew the following spells:

 Your Spells              Type           Power        Failure   Level  Hunger
a - Corona                Hex            ###....      2%          1    None
b - Ensorcelled Hibernat  Hex/Ice        ##....       12%         2    ##.....
c - Confuse               Hex            ###.....     10%         3    ###....


Dungeon Overview and Level Annotations

Branches:
Dungeon (5/15)             Temple (1/1) D:4

Altars:
Dithmenos
Elyvilon
Fedhas
Kikubaaqudgha
Nemelex Xobeh
Okawaru
Qazlal
Ru
Trog
Yredelemnul


Innate Abilities, Weirdness & Mutations

You cannot wear most types of armour.
You are amphibious.
You can wear up to eight rings at the same time.
You can use your tentacles to constrict eight enemies at once.
Your skin changes colour to match your surroundings (Stealth).
Your rubbery body absorbs attacks (AC +1).


Message History

You feel sick. The killer bee stings you.
You feel sick. The killer bee misses you.
You feel sick. The killer bee misses you. The killer bee stings you.
You are more poisoned.
The killer bee poisons you!
You feel sick. The killer bee closely misses you.
You feel sick. The killer bee barely misses you.
You see here a long sword.
You feel sick. The killer bee closely misses you.
Things that are here:
a shortbow; 11 arrows You feel sick.
The killer bee stings you!
* * * LOW HITPOINT WARNING * * *
* * * LOW HITPOINT WARNING * * *
You feel sick. The killer bee closely misses you. x2
* * * LOW HITPOINT WARNING * * *
You feel sick. The killer bee stings you.
* * * LOW HITPOINT WARNING * * *
The killer bee stings you!
You die...

............>....#
.#########.......# .#
##....>(.## .#
#.........########### .#
#..........)........# .#
#.........#########.# (#
#(........# #.# .###
#.###.....####### #.#
>..# ####.......@y......#
#.#
.#.###........###y#####.
#.# ###.##.##...### #y#
#.# #
##........#####y#####.
#.#
###.##.##..##...........#
#.#####
.#..##.##.....y...####..#
#.##...
#.#.##.###.##.#####
#....## ###.#..###.##.#
###### ##.#.......yy#


You could see 4 killer bees.

Vanquished Creatures
  Grinder (D:3)
  An ice beast (D:5)
  An ogre (D:5)
  A centaur (D:5)
  The ghost of no0bjke the Sneak, an amateur OpAs (D:4)
  A killer bee (D:5)
  Crazy Yiuf (D:5)
  A hound (D:4)
  Jessica (D:3)
  Ijyb (D:2)
  A worker ant (D:4)
  The ghost of grippy the Chiller, a weakling DsIE (D:3)
  4 gnolls (D:2)
  4 adders
  3 oozes
  An adder skeleton (D:4)
  2 dart slugs
  2 worms
  2 orcs (D:4)
  3 ball pythons
  2 giant cockroaches
  2 goblins
  7 hobgoblins
  3 jackals
  2 quokkas (D:2)
  5 bats
  2 giant gecko skeletons
  2 giant newts (D:1)
  7 kobolds
  9 rats
74 creatures vanquished.

Notes
Turn   | Place    | Note
--------------------------------------------------------------
     0 | D:1      | barb4r1an the Octopode Enchanter began the quest for the Orb.
     0 | D:1      | Reached XP level 1. HP: 11/11 MP: 3/3
   131 | D:1      | Reached XP level 2. HP: 17/17 MP: 5/5
   138 | D:1      | Learned a level 2 spell: Ensorcelled Hibernation
  1172 | D:2      | Reached XP level 3. HP: 17/21 MP: 6/6
  1452 | D:2      | Reached skill level 1 in Shields
  1517 | D:2      | Noticed Ijyb
  1647 | D:2      | Killed Ijyb
  1647 | D:2      | Reached XP level 4. HP: 10/27 MP: 2/7
  2381 | D:3      | Noticed grippy's ghost (weakling DsIE)
  2428 | D:2      | Reached XP level 5. HP: 22/31 MP: 5/8
  2521 | D:2      | Learned a level 3 spell: Confuse
  2522 | D:3      | Noticed Grinder
  2525 | D:3      | Paralysed by Grinder for 5 turns
  2539 | D:3      | Killed Grinder
  2539 | D:3      | Reached skill level 5 in Stealth
  2539 | D:3      | Reached XP level 6. HP: 6/36 MP: 5/10
  2902 | D:3      | Killed grippy's ghost
  3182 | D:3      | Noticed Jessica
  3187 | D:3      | Killed Jessica
  3561 | D:4      | Found a sparkling altar of Nemelex Xobeh.
  3620 | D:4      | Noticed no0bjke's ghost (amateur OpAs)
  3633 | D:4      | Killed no0bjke's ghost
  3633 | D:4      | Reached XP level 7. HP: 40/41 MP: 8/11
  3839 | D:4      | Found a staircase to the Ecumenical Temple.
  3848 | Temple   | Entered the Ecumenical Temple
  3865 | Temple   | Became a worshipper of Dithmenos the Shadowed
  3994 | D:5      | Entered Level 5 of the Dungeon
  4027 | D:5      | Noticed Crazy Yiuf
  4033 | D:5      | Killed Crazy Yiuf
  4197 | D:5      | Reached skill level 6 in Stealth
  4420 | D:5      | Reached XP level 8. HP: 39/46 MP: 6/13
  4443 | D:5      | HP: 2/46 [poisoned by a killer bee]
  4443 | D:5      | Mangled by a killer bee

Skill      XL: |  1  2  3  4  5  6  7 |
---------------+----------------------+-----
Shields        | 1 2 3 4 |  4.3
Short Blades   | 2 3 |  3.2
Dodging        | 3 |  3.9
Stealth        | 5 6 |  6.1
Hexes          | 4 |  4.4
Spellcasting   | 3 |  3.5

Action                   |  1- 3 |  4- 6 |  7- 9 || total
-------------------------+-------+-------+-------++-------
Melee: Dagger            |    65 |    60 |    17 ||   142
       Constrict         |     8 |    11 |     2 ||    21
       Tentacles         |     5 |    12 |     4 ||    21
 Cast: Ensorcelled Hiber |    11 |    27 |    11 ||    49
       Confuse           |       |     4 |     2 ||     6
 Stab: Sleeping          |    19 |    19 |     6 ||    44
       Confused          |       |     5 |     2 ||     7
  Eat: Chunk             |     2 |     3 |     2 ||     7
       Bread ration      |       |     1 |       ||     1
       Beef jerky        |       |     1 |       ||     1
Armor: Skin              |     4 |     1 |       ||     5
Dodge: Dodged            |    33 |    23 |    28 ||    84
